 Dungeon Crawl Stone Soup version 0.13-a0-2672-g649a1be (webtiles) character file.

1411358 tesudzi the Imperceptible (level 22, 114/114 HPs)
             Began as a Spriggan Enchanter on Aug 11, 2013.
             Was the Champion of Ashenzari.
             Escaped with the Orb
             ... and 3 runes!
             The game lasted 09:00:48 (80149 turns).

tesudzi the Imperceptible (Spriggan Enchanter)     Turns: 80149, Time: 09:00:48

HP 114/114       AC 13     Str  7      XL: 22   Next: 84%
MP  44/46        EV 44     Int 17      God: Ashenzari [******]
Gold 1085        SH 23     Dex 25      Spells: 16 memorised,  2 levels left

Res.Fire  : + + +   See Invis. : +   S - +8 quick blade (protect) (curse)
Res.Cold  : + + .   Warding    : .   w - +2 robe {rC+ rF+} (curse)
Life Prot.: . . .   Conserve   : .   p - +3 buckler {rF+} (curse)
Res.Poison: +       Res.Corr.  : .   D - +1 cap (curse)
Res.Elec. : .       Clarity    : +   e - +2 cloak (curse)
Sust.Abil.: . .     Spirit.Shd : .   (gloves unavailable)
Res.Mut.  : +       Stasis     : .   (boots unavailable)
Res.Rott. : .       Flight     : .   r - cursed amulet of resist mutation
Saprovore : . . .                    F - ring of Xom's Whimsicality {rPois Dex+2}
                                     f - cursed ring of Stufurih {rF+ rC+}

@: slightly contaminated, glowing, very quick, extraordinarily resistant to
hostile enchantments, fairly stealthy
A: unfitting armour, see invisible, herbivore 3, speed 3, slow metabolism 2, Str
-1, Int -1, Dex +2
a: Scrying, Transfer Knowledge, Renounce Religion
}: 3/15 runes: decaying, silver, gossamer


You escaped.
You worshipped Ashenzari.
Ashenzari was exalted by your worship.
You were full.

You visited 9 branches of the dungeon, and saw 61 of its levels.
You also visited: Labyrinth and Trove.

You collected 5630 gold pieces.
You spent 4565 gold pieces at shops.

Inventory:

Hand weapons
 c - a +1,+1 dagger {=f}
 S - a cursed +8,+8 quick blade of protection (weapon)
Missiles
 P - 2 throwing nets (quivered)
Armour
 e - a cursed +2 cloak (worn)
 p - a cursed +3 buckler of fire resistance (worn)
 w - a cursed +2 robe of resistance (worn)
 D - a cursed +1 cap (worn)
Magical devices
 l - a wand of heal wounds (4)
Comestibles
 z - 2 pears
 M - 2 honeycombs
 O - a royal jelly
Scrolls
 b - a scroll of recharging
 i - a scroll of teleportation
 k - a scroll of summoning
 u - a scroll of blinking
Jewellery
 f - the cursed ring of Stufurih (left hand) {rF+ rC+}
   (You found it on level 23 of the Dungeon)

   [ring of protection from fire]

   It protects you from cold.
   It has a curse placed upon it.
 g - an uncursed ring of teleportation
 q - a +4 ring of evasion
 r - a cursed amulet of resist mutation (around neck)
 y - the ring of Thrineoq {Wiz +Rage +Inv rC++}
   (You found it on level 5 of the Vaults)

   [ring of wizardry]

   It greatly protects you from cold.
   It lets you turn invisible.
   It lets you go berserk.
 A - a +5 ring of intelligence
 F - the ring of Xom's Whimsicality (right hand) {rPois Dex+2}
   (You found it in a labyrinth)

   [ring of dexterity]

   It affects your dexterity (+2).
   It protects you from poison.
 T - an uncursed ring of protection from magic
Potions
 a - a potion of restore abilities
 h - a potion of speed
 n - 10 potions of curing
 o - 3 potions of might
 s - 2 potions of resistance
 I - 3 potions of agility
 N - 2 potions of heal wounds
Orbs of Power
 j - the Orb of Zot


   Skills:
 - Level 12.4 Fighting
 - Level 11.6(15.8) Short Blades
 - Level 1.1 Throwing
 - Level 23.8(27) Dodging
 - Level 24.0(27) Stealth
 - Level 5.8(8.9) Shields
 + Level 21.2 Spellcasting
 - Level 16.7(19.1) Hexes
 - Level 9.2(12.1) Charms
 - Level 13.8(16.4) Translocations
 - Level 6.8(9.9) Transmutations
 - Level 3.6(6.3) Air Magic
 - Level 3.0(5.6) Earth Magic
 - Level 10.1(12.9) Evocations


You had 2 spell levels left.
You knew the following spells:

 Your Spells              Type           Power        Failure   Level  Hunger
a - Corona                Hex            ######.      0%          1    None
b - Ensorcelled Hibernat  Hex/Ice        ######       1%          2    None
c - Confuse               Hex            ######..     0%          3    None
d - Enslavement           Hex            ######..     0%          4    None
e - Invisibility          Hex            ######..     1%          6    ####...
f - Apportation           Tloc           ######....   0%          1    None
g - Blink                 Tloc           N/A          0%          2    None
h - Repel Missiles        Chrm/Air       #####.....   1%          2    None
i - Flight                Chrm/Air       #####.....   1%          3    None
j - Silence               Hex/Air        ######....   1%          5    None
k - Controlled Blink      Tloc           N/A          2%          7    ######.
l - Control Teleport      Chrm/Tloc      ######....   1%          4    None
m - Haste                 Chrm           ######..     3%          6    ####...
n - Darkness              Hex            ######....   1%          7    ######.
o - Lee's Rapid Deconstr  Erth           #####.....   10%         5    None
p - Passwall              Trmt/Erth      #####.....   1%          3    None


Dungeon Overview and Level Annotations

Branches:
Dungeon (27/27)            Temple (1/1) D:7             Orc (4/4) D:9
    Elf (0/3) Orc:4          Lair (8/8) D:12          Swamp (5/5) Lair:4
 Spider (5/5) Lair:4        Slime (0/6) Lair:7       Vaults (5/5) D:17
  Blade (1/1) Vaults:4      Crypt (0/5) Vaults:3        Zot (5/5) D:27

Altars:
Ashenzari
Cheibriados
Elyvilon
Fedhas
Kikubaaqudgha
Makhleb
Nemelex Xobeh
Okawaru
Sif Muna
Trog
Vehumet
Xom
Yredelemnul
Zin
the Shining One
Jiyva

Shops:
D:4: ( D:9: + D:13: + D:20: ! D:21: [ D:22: *%%*} D:24: * D:25: = Orc:4: */+! Vaults:4: %

Portals:
Hell: D:21 D:22 D:23 D:24 D:25 D:26 D:27
Abyss: D:23 D:25
Pandemonium: D:24 D:27

Annotations
D:10 exclusion: killer bee
D:13 exclusion: orange crystal statue
D:16 Kirke
D:26 Frederick
Lair:3 exclusion: oklob plant
Lair:6 exclusion: ice statue
Swamp:4 Frances
Spider:1 exclusion: Roxanne, Roxanne
Vaults:3 Mara
Zot:2 exclusion: ravenous feature mimic


Innate Abilities, Weirdness & Mutations

You are tiny and cannot use many weapons and most armour.
You have supernaturally acute eyesight.
You are a herbivore.
You cover ground extremely quickly.
You need consume almost no food.
You are agile (Dex +2).
You are dopey (Int -1).
You are weak (Str -1).


Message History

You climb upwards.
You sense a powerful magical force warping space.
There is a stone staircase leading down here.
There is a stone staircase leading up here.
You climb upwards.
You sense a powerful magical force warping space.
There is a stone staircase leading down here.
Your body shudders with the violent release of wild energies!
You feel stupid.
Things that are here:
a bat skeleton; a goblin skeleton; an uncursed dagger A ynoxinul comes into view.
The ynoxinul bellows!
Casting: Darkness
Confirm with . or Enter, or press ? or * to list all spells.
Which direction?
You begin to meditate on the wall.
You continue meditating on the rock.
You continue meditating on the rock.
You finish merging with the rock.
You have escaped!

#.# #.#.....)......... #.#
#.#.......##...### #.#######
######.........##..## #.......#
#........3.........# #.#####.#
#.####.......#.###.# #.# #.# #{#
######....###+## #.#####.# #.#
#.#.8####.##...## #....##.# #.#
#..#'####.#.....## #.##.##.# #.#
#@.#'...#........#
#.#...#.###.####..#'##.#.........
........%......#.#.8#.......)....
#.......######.#########)........
#....#.## #.....# ##.......#
#..###.# #....## ##.....## #..#
#.# ####.# ##...## #..###.# #.#
##'## #......# #.# #.####


There were no monsters in sight!

Vanquished Creatures
  An orb of fire (Zot:5)
  Saint Roka (Swamp:3)
  Boris (D:21)
  Sojobo (D:26)
  Margery (Vaults:3)
  Norris (Spider:2)
  A golden dragon (Zot:4)
  2 bone dragons
  An electric golem (Zot:5)
  Nikola (Spider:1)
  Arachne (Spider:3)
  A tentacled monstrosity (Zot:5)
  A titan (Vaults:5)
  An Orb Guardian (Zot:5)
  2 sphinxes
  4 liches
  6 storm dragons
  Rupert (Vaults:1)
  Agnes (D:17)
  4 frost giants
  14 tengu reavers
  5 shadow dragons
  A draconian monk (Zot:2)
  4 fire giants
  2 draconian scorchers
  A draconian knight (Zot:2)
  Donald (Vaults:3)
  Wiglaf (Spider:4)
  An iron dragon (D:26)
  Aizul (Spider:4)
  5 vault wardens
  An emperor scorpion (Spider:5)
  A draconian zealot (Zot:2)
  2 ghost moths
  An orc warlord (D:19)
  5 draconian annihilators
  28 stone giants
  3 grey draconians
  2 draconian callers
  A draconian shifter (D:27)
  3 green draconians
  4 white draconians
  Azrael (Vaults:1)
  2 mottled draconians
  A pale draconian (Zot:3)
  2 red draconians
  A purple draconian (D:27)
  4 black draconians
  2 yellow draconians (D:27)
  7 ettins
  Snorg (Vaults:1)
  4 great orbs of eyes
  6 dragons
  5 ironheart preservers
  24 yaktaur captains
  11 vault guards
  A minotaur (Lab)
  A deep elf high priest (Vaults:5)
  Fannar (Lair:2)
  3 ice dragons
  Harold (Orc:4)
  2 death cobs
  The ghost of NOPE the Brawler, a powerful TrSu of Cheibriados (D:12)
  Nessos (Vaults:1)
  26 hydras
  3 deep troll shamans
  An anaconda (shapeshifter) (Vaults:5)
  Erica (D:12)
  19 dancing weapons (Blade)
  7 alligators
  2 deep dwarf death knights (Vaults:3)
  6 very ugly things
  4 deep troll earth magi
  4 death yaks (Lair:8)
  5 ogre magi
  4 orc high priests
  24 centaur warriors
  14 hell knights
  6 deep elf knights
  2 storm dragon zombies
  A wizard (D:11)
  A water nymph (shapeshifter) (Vaults:5)
  A sea snake (shapeshifter) (D:23)
  8 skeletal warriors
  3 fire crabs
  6 iron trolls
  2 storm dragon skeletons
  17 deep trolls
  2 giant orange brains
  5 large abominations (D:11)
  4 flayed ghosts
  A death drake (shapeshifter) (D:23)
  A swamp dragon (shapeshifter) (Vaults:4)
  3 necromancers
  11 swamp dragons
  4 unseen horrors
  5 giant amoebae
  20 hill giants
  7 ironbrand convokers
  6 harpies
  A glowing shapeshifter (D:25)
  2 wolf spider zombies
  An oklob plant (Lair:5)
  3 stone giant zombies
  2 lindwurms (Lair:8)
  7 red wasps
  27 wolf spiders
  34 orc knights
  A fire giant zombie (Vaults:2)
  10 phantasmal warriors
  7 moths of wrath
  A wolf spider (shapeshifter) (Vaults:5)
  8 orc sorcerers
  A shadow dragon skeleton (D:24)
  A moth of wrath (shapeshifter) (D:23)
  A sphinx skeleton (D:16)
  5 griffons
  15 stone giant skeletons
  10 spiny worms
  3 elephants (Lair:8)
  8 vault sentinels
  10 cyclopes
  A guardian serpent (shapeshifter) (Vaults:1)
  3 fire giant skeletons
  A frost giant skeleton (Vaults:2)
  14 spiny frogs
  An eye of devastation (D:18)
  Psyche (Orc:4)
  A black mamba (shapeshifter) (D:18)
  7 black mambas
  7 demonic crawlers
  An iron troll zombie (D:20)
  A hellwing (D:19)
  A harpy zombie (D:17)
  9 trolls
  2 deep elf priests (Vaults:4)
  15 orb spiders
  5 fire drakes
  46 yaktaurs
  A komodo dragon (shapeshifter) (Vaults:4)
  A wind drake (shapeshifter) (D:20)
  2 queen bees
  20 blink frogs
  8 komodo dragons
  7 giant leeches
  4 giant fireflies (Lair:8)
  An iron troll skeleton (D:21)
  6 polar bears
  11 boulder beetles
  26 jumping spiders
  A queen bee (shapeshifter) (D:19)
  11 two-headed ogres
  A baby alligator (shapeshifter) (Vaults:2)
  2 ettin zombies
  2 grizzly bears (shapeshifter)
  A raven (Swamp:3)
  A frost giant simulacrum (D:22)
  A boulder beetle (shapeshifter) (D:23)
  8 bog bodies
  84 slime creatures
  5 hogs (D:16)
  7 basilisks
  11 grizzly bears (Lair:8)
  18 trapdoor spiders
  5 ettin skeletons
  30 redbacks
  70 yaks
  A griffon skeleton (D:11)
  A stone giant simulacrum (D:20)
  A fire giant simulacrum (Vaults:3)
  2 shadows
  3 hippogriffs
  22 tarantellas
  4 water elementals (D:23)
  5 wyverns
  108 ugly things
  A merfolk (shapeshifter) (Vaults:5)
  4 vampires
  A golden eye (shapeshifter) (D:18)
  40 vampire mosquitoes
  A shark (D:23)
  2 wraiths
  A spiny worm zombie (D:19)
  A hill giant zombie (D:12)
  A hungry ghost (D:12)
  2 fire elementals (Vaults:1)
  A hog (shapeshifter) (D:18)
  2 hill giant skeletons
  4 deep elf fighters
  3 deep troll zombies
  23 swamp worms
  7 wolves
  8 rock worms
  An agate snail zombie (Vaults:1)
  3 hell hounds (Vaults:1)
  8 swamp drakes
  11 freezing wraiths
  11 porcupines
  4 manticores
  7 small abominations (D:11)
  2 soldier ants (D:18)
  3 mottled dragons
  3 sky beasts
  2 deep troll skeletons
  3 boring beetles
  3 phantoms
  5 tengu (D:18)
  An ettin simulacrum (D:20)
  10 ice beasts
  5 black bears (Lair:8)
  28 ogres
  57 orc warriors
  A centaur (shapeshifter) (D:25)
  11 giant goldfish
  7 yellow wasps
  4 wargs
  21 water moccasins
  4 big kobolds
  10 crocodiles
  51 centaurs
  15 giant slugs
  A glowing shapeshifter simulacrum (D:22)
  A yaktaur zombie (D:16)
  4 brain worms
  Blork the orc (D:5)
  23 giant frogs
  2 manticore zombies
  A yaktaur skeleton (D:18)
  A gnoll sergeant (D:8)
  22 insubstantial wisps
  10 agate snails
  A manticore skeleton (D:14)
  A yak zombie (D:12)
  62 killer bees
  2 cyclops skeletons
  3 boulder beetle zombies
  2 eyes of draining
  A hippogriff skeleton (D:13)
  A troll zombie (D:7)
  A hippogriff zombie (D:9)
  A troll skeleton (D:14)
  22 jellyfish
  8 electric eels
  8 crimson imps
  10 wights
  7 goliath beetles
  A pulsating lump (shapeshifter) (D:25)
  3 big fish (Swamp:5)
  Crazy Yiuf (D:3)
  A giant frog skeleton (D:6)
  5 hounds
  A quasit (D:7)
  22 spiders
  A basilisk skeleton (D:16)
  27 orc priests
  4 scorpions
  11 iguanas
  A two-headed ogre skeleton (D:12)
  35 orc wizards
  A shapeshifter simulacrum (D:16)
  21 sheep
  Jessica (D:3)
  4 worker ants
  11 jellies
  4 boggarts
  A hound skeleton (D:9)
  Terence (D:3)
  A mummy (D:12)
  19 adders
  3 gnolls (D:8)
  59 green rats
  A giant mite (D:2)
  5 giant centipedes
  An inept feature mimic (D:4)
  21 worms
  10 giant geckos
  An ooze (D:3)
  190 orcs
  2 ball pythons
  30 bats
  9 giant cockroaches
  A gnoll zombie (D:7)
  15 hobgoblins
  15 jackals
  A ball python skeleton (D:5)
  3 giant newts
  3 giant spores
  14 goblins
  A hobgoblin skeleton (D:9)
  A hobgoblin zombie (D:8)
  A jackal skeleton (D:5)
  35 kobolds
  An orc skeleton (D:5)
  12 quokkas
  A quokka zombie (D:9)
  28 rats
  6 ballistomycetes
  4 fungi
  3 plants
2447 creatures vanquished.

Vanquished Creatures (collateral kills)
  2 vault guards (Vaults:5)
  A yaktaur captain (Vaults:4)
  An ogre mage (Vaults:3)
  A deep troll shaman (D:25)
  2 deep trolls (D:26)
  A lindwurm (shapeshifter) (Vaults:5)
  A vault sentinel (Vaults:5)
  A yaktaur (D:27)
  A two-headed ogre (Vaults:3)
  2 redbacks
  3 ugly things (Vaults:2)
  3 orc warriors (Vaults:4)
  An ogre (Vaults:3)
  A warg (Vaults:3)
  A spider (Spider:2)
  4 orcs
26 creatures vanquished.

Vanquished Creatures (others)
  A redback (Spider:3)
  An ugly thing (Vaults:2)
  A centaur (D:12)
  An ogre (D:18)
  An orc priest (Vaults:2)
  An orc (D:10)
  A giant cockroach (D:6)
  A giant spore (D:12)
  A rat (D:12)
  A fungus (Lair:3)
  2 plants (Lair:8)
12 creatures vanquished.

Grand Total: 2485 creatures vanquished

Notes
Turn   | Place    | Note
--------------------------------------------------------------
     0 | D:1      | tesudzi, the Spriggan Enchanter, began the quest for the Orb.
     0 | D:1      | Reached XP level 1. HP: 9/9 MP: 4/4
   267 | D:1      | Reached skill level 4 in Stealth
   358 | D:1      | Reached XP level 2. HP: 11/13 MP: 6/6
   843 | D:1      | Learned a level 2 spell: Ensorcelled Hibernation
   852 | D:1      | Reached skill level 5 in Stealth
  1008 | D:1      | Reached XP level 3. HP: 9/16 MP: 6/9
  1651 | D:2      | Reached skill level 6 in Stealth
  1887 | D:2      | Found a radiant altar of Vehumet.
  1999 | D:2      | Reached XP level 4. HP: 15/21 MP: 8/11
  2561 | D:3      | Noticed Terence
  2565 | D:3      | Killed Terence
  2565 | D:3      | Reached skill level 7 in Stealth
  2739 | D:3      | Learned a level 3 spell: Confuse
  2829 | D:3      | Noticed Jessica
  2835 | D:3      | Killed Jessica
  3097 | D:3      | Reached XP level 5. HP: 17/24 MP: 15/15
  3156 | D:3      | Noticed Crazy Yiuf
  3163 | D:3      | Killed Crazy Yiuf
  3323 | D:3      | Found a sparkling altar of Nemelex Xobeh.
  3390 | D:4      | Found Blaeclywn's Antique Weapon Emporium.
  3664 | D:4      | Reached skill level 8 in Stealth
  4267 | D:4      | Reached XP level 6. HP: 23/28 MP: 14/19
  4415 | D:4      | Noticed an ogre
  4433 | D:4      | Noticed an ogre
  4456 | D:4      | Killed an ogre
  4543 | D:4      | Killed an ogre
  4543 | D:4      | Reached skill level 5 in Spellcasting
  5502 | D:5      | Entered Level 5 of the Dungeon
  5700 | D:5      | Reached skill level 9 in Stealth
  5700 | D:5      | Reached XP level 7. HP: 17/32 MP: 9/22
  5976 | D:5      | Noticed Blork the orc
  5982 | D:5      | Killed Blork the orc
  6106 | D:5      | Reached skill level 10 in Stealth
  6106 | D:5      | Reached skill level 5 in Hexes
  6145 | D:5      | Got an iridescent short sword
  6146 | D:5      | Identified the cursed short sword of Nofiqo Fraho {flame, +Inv} (You found it on level 5 of the Dungeon)
  6742 | D:6      | Reached XP level 8. HP: 36/36 MP: 17/24
  6756 | D:6      | Reached skill level 11 in Stealth
  6772 | D:6      | Found a staircase to the Orcish Mines.
  7344 | D:7      | Found a bloodstained altar of Trog.
  7458 | D:7      | Found a staircase to the Ecumenical Temple.
  7479 | Temple   | Entered the Ecumenical Temple
  7638 | Temple   | Became a worshipper of Ashenzari the Shackled
  7658 | Temple   | Gained mutation: You are agile (Dex +1). [potion of mutation]
  7658 | Temple   | Gained mutation: You have an increased reservoir of magic (+10% MP). [potion of mutation]
  7658 | Temple   | Gained mutation: You are robust (+10% HP). [potion of mutation]
  8199 | D:8      | Reached skill level 12 in Stealth
  8269 | D:8      | Reached XP level 9. HP: 16/42 MP: 12/27
  8420 | D:8      | Found an iron altar of Okawaru.
  8887 | D:8      | Reached skill level 13 in Stealth
  9257 | D:8      | Learned a level 4 spell: Enslavement
  9389 | D:9      | Reached skill level 14 in Stealth
  9389 | D:9      | Reached skill level 10 in Hexes
  9591 | D:9      | Found Mnaut's Book Boutique.
  9770 | D:9      | Reached XP level 10. HP: 48/48 MP: 29/29
 10093 | D:9      | Found a staircase to the Orcish Mines.
 10112 | D:9      | Reached skill level 15 in Stealth
 10170 | D:9      | Paralysed by a potion of paralysis for 3 turns
 10788 | D:10     | Entered Level 10 of the Dungeon
 12369 | D:10     | Reached skill level 16 in Stealth
 12769 | D:11     | Noticed a hill giant
 12778 | D:11     | Killed a hill giant
 12778 | D:11     | Reached XP level 11. HP: 51/51 MP: 31/34
 12852 | D:11     | Acquired Ashenzari's first power
 12871 | D:11     | Noticed a wizard
 12932 | D:11     | Noticed a large abomination
 12932 | D:11     | Noticed a large abomination
 12932 | D:11     | Noticed a large abomination
 12932 | D:11     | Noticed a large abomination
 12932 | D:11     | Noticed a large abomination
 12934 | D:11     | Killed a large abomination
 12936 | D:11     | Killed a large abomination
 12936 | D:11     | Reached skill level 10 in Spellcasting
 12938 | D:11     | Killed a large abomination
 12942 | D:11     | Killed a large abomination
 12946 | D:11     | Killed a large abomination
 13105 | D:11     | Killed a wizard
 13525 | D:12     | Reached skill level 17 in Stealth
 13608 | D:12     | Found a staircase to the Lair.
 13641 | D:12     | Reached skill level 5 in Dodging
 13701 | D:12     | Noticed a hill giant
 13780 | D:12     | Killed a hill giant
 13913 | D:12     | Noticed a hill giant
 13919 | D:12     | Killed a hill giant
 14051 | D:12     | Noticed NOPE's ghost (powerful TrSu)
 14219 | D:12     | Noticed a hill giant
 14252 | D:12     | Killed a hill giant
 14280 | D:12     | Noticed a skeletal warrior
 14298 | D:12     | Noticed a skeletal warrior
 14298 | D:12     | Noticed a skeletal warrior
 14318 | D:12     | Reached XP level 12. HP: 56/56 MP: 6/36
 14492 | D:12     | Noticed a skeletal warrior
 14493 | D:12     | Noticed a skeletal warrior
 14576 | D:12     | Noticed a hill giant
 14842 | Lair:1   | Entered Level 1 of the Lair of Beasts
 15122 | Lair:1   | Acquired Ashenzari's second power
 15349 | Lair:2   | Reached skill level 18 in Stealth
 15490 | Lair:2   | Identified a +0 rod of venom (9/9)
 15517 | Lair:2   | Noticed Fannar
 15535 | Lair:2   | Killed Fannar
 16079 | Lair:3   | Acquired Ashenzari's third power
 16233 | Lair:3   | Reached skill level 5 in Short Blades
 16822 | D:11     | Learned a level 6 spell: Invisibility
 17821 | Lair:4   | Found a staircase to the Swamp.
 17894 | Lair:4   | Reached skill level 1 in Shields
 17899 | Lair:4   | Identified the cursed -3 robe "Vastreamu" {+Inv +Fly}
 17988 | Lair:4   | Learned a level 1 spell: Apportation
 17991 | Lair:4   | Learned a level 2 spell: Blink
 18137 | Lair:4   | Noticed an eight-headed hydra
 18156 | Lair:4   | Killed a seven-headed hydra
 18190 | Lair:4   | Reached skill level 10 in Dodging
 18330 | Lair:4   | Found a hole to the Spider Nest.
 18335 | Lair:4   | Reached XP level 13. HP: 60/60 MP: 27/37
 18345 | Lair:4   | Reached skill level 19 in Stealth
 18382 | Lair:4   | Acquired Ashenzari's fourth power
 18724 | Lair:5   | Found a glowing silver altar of Zin.
 19337 | Lair:5   | denudes: chaos knight вполне играбельный оказался
 19337 | Lair:5   | tesudzi: а я снова сдох с руной
 19338 | Lair:5   | denudes: с орбом?
 19345 | Lair:5   | denudes: это кем ты шел?
 19345 | Lair:5   | tesudzi: ну да
 19345 | Lair:5   | tesudzi: с орбом
 19345 | Lair:5   | tesudzi: энчантером
 19345 | Lair:5   | tesudzi: на 22 левеле поперся)
 20030 | Lair:6   | denudes: тут оказывается форма дерева есть, вечера впервые увидел, когда ксом в нее превратил
 20030 | Lair:6   | tesudzi: да, есть
 20030 | Lair:6   | tesudzi: я сам себя превращал)
 20030 | Lair:6   | tesudzi: так ты прошел кнайтом?
 20049 | Lair:6   | denudes: это надо было сделать абилкой у федаса
 20074 | Lair:6   | denudes: в ваултах щас
 20103 | Lair:6   | denudes: 2 руны
 20103 | Lair:6   | tesudzi: а, ясно
 20784 | Lair:7   | denudes: вроде спригганом играю, а с едой уже проблемы
 20791 | Lair:7   | denudes: видимо родами много пользуюсь
 20791 | Lair:7   | tesudzi: видимо
 20791 | Lair:7   | tesudzi: еды обычно вылом
 20836 | Lair:7   | Reached skill level 20 in Stealth
 20913 | Lair:7   | Found a radiant altar of Vehumet.
 20990 | Lair:7   | Found a staircase to the Slime Pits.
 20990 | Lair:7   | Noticed an acid blob
 20990 | Lair:7   | Noticed an acid blob
 20990 | Lair:7   | Noticed an acid blob
 21189 | Lair:7   | denudes: ксом заколдовал лестницу и она убегает от меня
 21272 | Lair:7   | tesudzi: lol
 22059 | Lair:1   | denudes: uncannily stealthy
 22059 | Lair:1   | denudes: 2 мутации на стелс еще дал
 22130 | D:12     | Noticed Erica
 22142 | D:12     | Killed Erica
 22355 | D:12     | Killed a skeletal warrior
 22355 | D:12     | Reached skill level 5 in Shields
 22360 | D:12     | Killed a skeletal warrior
 22366 | D:12     | Killed a skeletal warrior
 22371 | D:12     | denudes: инвиза вот до сих пор нет
 22386 | D:12     | Killed a hill giant
 22391 | D:12     | Killed a skeletal warrior
 22402 | D:12     | Killed a skeletal warrior
 22482 | D:12     | Killed NOPE's ghost
 22852 | Orc:1    | Entered Level 1 of the Orcish Mines
 22977 | Orc:1    | Upgraded the game from 0.13-a0-2657-gc1edc70 to 0.13-a0-2672-g649a1be
 23021 | Orc:1    | Found a burning altar of Makhleb.
 23451 | Orc:2    | Reached XP level 14. HP: 64/64 MP: 29/38
 24652 | Orc:4    | Entered Level 4 of the Orcish Mines
 24701 | Orc:4    | Noticed Psyche
 24705 | Orc:4    | Killed Psyche
 24720 | Orc:4    | Noticed Harold
 24730 | Orc:4    | Killed Harold
 24762 | Orc:4    | Found Frimes' Distillery.
 25220 | Lair:8   | Entered Level 8 of the Lair of Beasts
 25599 | Lair:8   | Reached skill level 1 in Fighting
 25621 | Lair:8   | Reached skill level 21 in Stealth
 28300 | Orc:4    | Found a staircase to the Elven Halls.
 28644 | Orc:4    | Paralysed by an orc sorcerer for 7 turns
 29048 | Orc:4    | denudes: чуть не сдох от Соджобо, карта эликсир спасла
 29101 | Orc:4    | Found Fritaph's Book Shop.
 29110 | Orc:4    | Reached skill level 22 in Stealth
 29112 | Orc:4    | Reached skill level 15 in Dodging
 29115 | Orc:4    | Reached XP level 15. HP: 58/72 MP: 39/39
 29117 | Orc:4    | Found Ixelon's Assorted Antiques.
 29122 | Orc:4    | Found Ywiwil's Magical Wand Shoppe.
 29128 | Orc:4    | tesudzi: а я меннаса стабанул)
 29128 | Orc:4    | tesudzi: это было эпично
 29128 | Orc:4    | tesudzi: отомчтил за демона своего
 29128 | Orc:4    | Bought a book of Air for 490 gold pieces
 29180 | Orc:4    | Reached skill level 1 in Translocations
 29262 | Orc:3    | Learned a level 2 spell: Repel Missiles
 29266 | Orc:3    | Learned a level 3 spell: Flight
 29393 | Orc:4    | Bought a potion of heal wounds for 33 gold pieces
 29396 | Orc:4    | Bought a wand of heal wounds (4) for 720 gold pieces
 29932 | D:13     | Reached skill level 1 in Charms
 30082 | D:13     | Reached skill level 1 in Air Magic
 30424 | D:13     | Found Scheemaf's Book Shoppe.
 30427 | D:13     | Bought a book of Enchantments for 900 gold pieces
 30434 | D:13     | Learned a level 5 spell: Silence
 30643 | D:13     | denudes: блин
 30658 | D:13     | denudes: у меня он только что был, не получилось стабануть)
 30662 | D:13     | denudes: причем в двух шагах был
 30662 | D:13     | tesudzi: ого
 30662 | D:13     | tesudzi: в двух -- много)
 30662 | D:13     | tesudzi: вот тебе и анкаинли стелси
 30765 | D:13     | denudes: он видит невидимых
 30768 | D:13     | denudes: наверно от этого
 30769 | D:13     | tesudzi: он же спал?
 30770 | D:13     | denudes: ну да, а это не влияет?
 30774 | D:13     | tesudzi: ну когда ты спишь
 30774 | D:13     | tesudzi: ты не видишь
 30775 | D:13     | denudes: а, короче в его ауре, экстремели стало
 31157 | D:12     | denudes: чето в ближнем бою с ним неинтересно драться)
 31201 | D:14     | Entered Level 14 of the Dungeon
 31208 | D:14     | tesudzi: у него меч клевый
 31208 | D:14     | tesudzi: я его мечем джори больно бил(
 31208 | D:14     | tesudzi: *)
 31219 | D:14     | denudes: че с ним делать хз
 31220 | D:14     | denudes: наверно убегать придется
 31220 | D:14     | tesudzi: ))
 31220 | D:14     | tesudzi: беги)
 31220 | D:14     | tesudzi: ты же сприган)
 31243 | D:14     | denudes: хотя огненные неплохо его бьют
 31280 | D:14     | denudes: ща еще воздуха добавим
 31489 | D:14     | Identified the +2 shield of Cluweikoj {Int+2 SInv}
 31556 | D:14     | Found a viscous altar of Jiyva.
 32041 | D:15     | Entered Level 15 of the Dungeon
 32206 | D:15     | Found a portal to a secret trove of treasure.
 32462 | D:15     | denudes: чуть не сдох короче опять, но убежал)
 32478 | D:15     | Reached skill level 5 in Translocations
 32479 | D:15     | denudes: у меня еще -tele это чревато
 32665 | D:16     | Reached skill level 23 in Stealth
 33148 | D:16     | denudes: болт оф инаккюраси кстати сила, раньше не юзал никогда
 33169 | D:16     | tesudzi: а че делает:
 33169 | D:16     | tesudzi: промахиваются по тебе?
 33404 | D:16     | denudes: он очень мощный но очень не точный, по тем у кого малый ЕВ
 33995 | D:16     | Noticed Kirke
 34033 | D:16     | Waterpls: шикарный меч
 34039 | D:16     | tesudzi: да, клевый
 34593 | Orc:4    | Bought a potion of curing for 22 gold pieces
 34593 | Orc:4    | Bought a potion of curing for 22 gold pieces
 34593 | Orc:4    | Bought a potion of curing for 22 gold pieces
 34593 | Orc:4    | Bought a potion of curing for 22 gold pieces
 34878 | Trove    | Entered a treasure trove
 34881 | Trove    | Identified the cursed +0,+1 quick blade of an ice cave {venom, rC- Dex+2 SInv}
 34911 | Trove    | Waterpls: лол, ни одной нормальной пушки
 34911 | Trove    | tesudzi: цчего
 34911 | Trove    | tesudzi: квикблейд нормльно заправлен
 34911 | Trove    | tesudzi: +7+6
 34911 | Trove    | Waterpls: без бренда
 34911 | Trove    | denudes: ворпал можно прочитать
 34911 | Trove    | tesudzi: легко
 34911 | Trove    | Waterpls: конечно, но его найти еще надо
 34911 | Trove    | denudes: вот у меня антимеджик, уже ничего не сделаешь
 34911 | Trove    | denudes: арт
 34911 | Trove    | tesudzi: да валяется в леере
 34911 | Trove    | Waterpls: почему ничего не сделаешь?
 34911 | Trove    | denudes: арт
 35651 | Spider:1 | Entered Level 1 of the Spider Nest
 35656 | Spider:1 | Noticed Roxanne
 35731 | Spider:1 | Identified the cursed +0,+0 longbow "Noeqa" {venom, rElec rN+ SInv}
 35813 | Spider:1 | Identified the cursed -13 chain mail of the Duke {SInv}
 35818 | Spider:1 | Noticed Nikola
 35873 | Spider:1 | Killed Nikola
 35918 | Spider:1 | Waterpls: электросабля!
 36413 | Spider:1 | Reached XP level 16. HP: 78/78 MP: 32/40
 36470 | Spider:1 | Identified the +0 helmet of Dawn {rN+ Int+2}
 36629 | Spider:2 | Noticed Norris
 36634 | Spider:2 | Killed Norris
 37100 | Spider:2 | Reached skill level 24 in Stealth
 37729 | Spider:3 | Noticed Arachne
 37731 | Spider:3 | Killed Arachne
 38115 | Spider:4 | Noticed Wiglaf
 38121 | Spider:4 | Killed Wiglaf
 38204 | Spider:4 | throttle: они вроде не конфузятся
 38209 | Spider:4 | tesudzi: да вроде конфузил
 38209 | Spider:4 | tesudzi: на прошлом этаже
 38209 | Spider:4 | tesudzi: но не сразу :)
 38257 | Spider:4 | tesudzi: конфузятся
 38421 | Spider:4 | Noticed Aizul
 38504 | Spider:4 | Killed Aizul
 38523 | Spider:4 | Reached skill level 15 in Hexes
 39130 | Spider:5 | Entered Level 5 of the Spider Nest
 40055 | Spider:5 | Got a gossamer rune of Zot
 41227 | Orc:4    | Bought a book of the Warp for 1260 gold pieces
 41236 | Orc:4    | Learned a level 7 spell: Controlled Blink
 41574 | Swamp:1  | Entered Level 1 of the Swamp
 41872 | Swamp:1  | denudes: ксом законфузил меннаса и зачаровал его меч после смерти. ксом рулит
 41982 | Swamp:1  | Reached skill level 10 in Translocations
 41996 | Swamp:1  | Reached XP level 17. HP: 81/81 MP: 38/41
 42229 | Swamp:1  | Learned a level 4 spell: Control Teleport
 42780 | Swamp:3  | Noticed Saint Roka
 42984 | Swamp:3  | denudes: ааа
 42990 | Swamp:3  | denudes: книгу с инвизом подарил
 43265 | Swamp:4  | Noticed Frances
 43391 | Swamp:5  | Entered Level 5 of the Swamp
 43800 | Swamp:5  | Identified the cursed +6,+1 dire flail of Responsibility {crush, Dex+1}
 43858 | Swamp:5  | Got a decaying rune of Zot
 43861 | Swamp:5  | tesudzi: хоть с бранчами повезло
 43861 | Swamp:5  | tesudzi: а то у змей энчантером не очень понравилось
 44594 | D:17     | Found a blossoming altar of Fedhas.
 44713 | D:17     | Reached skill level 5 in Fighting
 44816 | D:17     | Noticed Agnes
 45158 | D:17     | Found a staircase to the Vaults.
 45861 | D:18     | Found a labyrinth entrance.
 45873 | Lab      | Entered a labyrinth
 47111 | Lab      | Identified the ring of Xom's Whimsicality {rPois Dex+2} (You found it in a labyrinth)
 47653 | D:19     | Found an iron altar of Okawaru.
 47769 | D:19     | Identified the +7,+1 quarterstaff "Undertaker" {freeze, Str+4}
 47809 | D:19     | Identified the cursed +1 robe of Put Ytec {Str+3 Int+1}
 47809 | D:19     | Identified the +1 robe "Egoplem" {Str+2 Int+4}
 48235 | D:19     | Reached XP level 18. HP: 93/93 MP: 42/42
 48898 | D:20     | Entered Level 20 of the Dungeon
 49091 | D:20     | Found a shimmering altar of Xom.
 49092 | D:20     | Found a shimmering altar of Xom.
 49094 | D:20     | Found a shimmering altar of Xom.
 49094 | D:20     | Found a shimmering altar of Xom.
 49673 | D:20     | Found Kauwnab's Distillery.
 49685 | D:20     | Bought 2 potions of heal wounds for 108 gold pieces
 49685 | D:20     | Bought a potion of speed for 99 gold pieces
 49793 | D:21     | Noticed Boris
 50056 | D:21     | Found Kaleah's Armour Emporium.
 50545 | D:21     | Found a gateway to Hell.
 50936 | D:22     | Found Crosma's Gadget Boutique.
 51059 | D:22     | Found Ved Ilibb's Assorted Antiques.
 51185 | D:22     | Found Tuophu Seim's Food Shop.
 51219 | D:22     | Found Istraonte's Food Shoppe.
 51264 | D:22     | Found Tepoqa's General Store.
 52060 | D:23     | Found a one-way gate to the infinite horrors of the Abyss.
 52343 | D:23     | Identified the +5,+5 war axe of Extermination {flame, rN+ Str-2}
 52384 | D:23     | Noticed a bone dragon
 52386 | D:23     | Got an uncursed brightly glowing granite ring
 52390 | D:23     | Identified the ring of Stufurih {rF+ rC+} (You found it on level 23 of the Dungeon)
 52412 | D:23     | Identified the +1,+4 war axe of Glory {pain, MR++ Str+3 Stlth++}
 52417 | D:23     | Killed a bone dragon
 53836 | D:24     | Found a one-way gate leading to the halls of Pandemonium.
 53845 | D:24     | Found Raraympa's General Store.
 53897 | D:24     | Delarado: lolstab
 53960 | D:24     | Delarado: what are those faces?
 53961 | D:24     | Reached XP level 19. HP: 50/103 MP: 44/44
 54717 | D:24     | Reached skill level 10 in Fighting
 54773 | D:25     | Entered Level 25 of the Dungeon
 55192 | D:25     | Found Naje Keb's Jewellery Shop.
 56379 | Vaults:1 | Entered Level 1 of the Vaults
 56556 | Vaults:1 | Noticed Nessos
 56702 | Vaults:1 | Killed Nessos
 56758 | Vaults:1 | Noticed Snorg
 56766 | Vaults:1 | Killed Snorg
 57211 | Vaults:1 | Noticed Azrael
 57377 | Vaults:1 | Killed Azrael
 57497 | Vaults:1 | Noticed Rupert
 57506 | Vaults:1 | Killed Rupert
 58641 | Vaults:2 | Reached skill level 10 in Short Blades
 58755 | Vaults:2 | Waterpls: ha ha
 58759 | Vaults:2 | tesudzi: ha-ha
 60360 | Vaults:3 | Reached XP level 20. HP: 113/113 MP: 33/45
 60563 | Vaults:3 | Noticed Margery
 61546 | D:26     | Learned a level 3 spell: Passwall
 61602 | D:26     | Reached skill level 1 in Transmutations
 61618 | D:26     | Noticed Sojobo
 61628 | D:26     | Killed Sojobo
 61628 | D:26     | Reached skill level 1 in Earth Magic
 61804 | D:26     | Noticed Frederick
 62073 | D:27     | Entered Level 27 of the Dungeon
 62512 | D:26     | Reached skill level 5 in Transmutations
 63641 | Vaults:3 | Noticed Donald
 64269 | Swamp:3  | Killed Saint Roka
 65149 | D:17     | Killed Agnes
 65931 | D:19     | Identified the cursed +0 robe "Ghod" {Str-5 Dex+5}
 66385 | D:21     | Waterpls: кто там?
 66388 | D:21     | Killed Boris
 66390 | D:21     | tesudzi: Борька
 67037 | D:26     | Reached skill level 15 in Spellcasting
 67404 | D:27     | Reached XP level 21. HP: 106/118 MP: 45/47
 68226 | D:26     | Learned a level 7 spell: Darkness
 68490 | D:25     | Bought a +5 ring of intelligence for 618 gold pieces
 68983 | Vaults:3 | Killed Margery
 69015 | Vaults:3 | Killed Donald
 69711 | Vaults:3 | Reached skill level 5 in Charms
 69746 | Vaults:3 | Found a staircase to the Crypt.
 69827 | Vaults:3 | Found a glowing silver altar of Zin.
 69840 | Vaults:3 | Noticed Mara
 70971 | Vaults:4 | Found a staircase to the Hall of Blades.
 70985 | Blade    | Entered the Hall of Blades
 71352 | Vaults:4 | Found Lyutal's Food Shop.
 71364 | Vaults:4 | Bought a bread ration for 56 gold pieces
 71641 | Vaults:4 | Identified the cursed +1 blowgun of Yredelemnul's Scorn {evade, rN+ Stlth++}
 71974 | Vaults:4 | Identified the +2,-2 lajatang of Norafuho {elec, +Inv rElec rF-}
 72298 | Vaults:4 | Learned a level 5 spell: Lee's Rapid Deconstruction
 72426 | Vaults:4 | Bought a bread ration for 56 gold pieces
 72426 | Vaults:4 | Bought a banana for 16 gold pieces
 72426 | Vaults:4 | Bought a pear for 11 gold pieces
 73889 | Vaults:5 | Entered Level 5 of the Vaults
 73947 | Vaults:5 | Gained mutation: You are agile (Dex +2). [potion of beneficial mutation]
 73963 | Vaults:5 | Identified the +5 chain mail of Hospitality {Dam+3}
 73964 | Vaults:5 | Identified the ring of Thrineoq {Wiz +Rage +Inv rC++}
 73968 | Vaults:5 | Identified Dikuriurr's Grimoire of Toxic Moulding (You found it on level 5 of the Vaults)
 74088 | Vaults:5 | Reached skill level 1 in Evocations
 74395 | Vaults:5 | Identified the cursed -5 plate armour of the Dwarven Hall {SInv}
 74839 | Vaults:5 | Identified the ring "Cheerhu" {AC+3 Stlth-}
 74864 | Vaults:5 | Reached skill level 5 in Evocations
 74875 | Vaults:5 | Reached XP level 22. HP: 92/125 MP: 23/49
 74982 | Vaults:5 | Got a silver rune of Zot
 75568 | D:13     | Learned a level 6 spell: Haste
 75962 | D:24     | Bought a scroll of enchant armour for 55 gold pieces
 75962 | D:24     | Bought a potion of speed for 55 gold pieces
 77048 | D:27     | Noticed a golden dragon
 77757 | Zot:1    | Entered Level 1 of the Realm of Zot
 77759 | Zot:1    | Reached skill level 10 in Evocations
 78306 | Zot:3    | Learned a level 3 spell: Passwall
 78779 | Zot:5    | Entered Level 5 of the Realm of Zot
 78846 | Zot:5    | Gained mutation: You are weak (Str -1). [mutagenic glow]
 79243 | Zot:5    | Noticed an orb of fire
 79243 | Zot:5    | Noticed an orb of fire
 79243 | Zot:5    | Noticed an ancient lich
 79246 | Zot:5    | Killed an orb of fire
 79248 | Zot:5    | Noticed an orb of fire
 79264 | Zot:5    | Got the Orb of Zot
 79704 | D:16     | Noticed Qacs the pandemonium lord
 79866 | D:10     | Lost mutation: You have an increased reservoir of magic (+10% MP). [mutagenic glow]
 79902 | D:9      | Lost mutation: You are robust (+10% HP). [mutagenic glow]
 80078 | D:1      | Gained mutation: You are dopey (Int -1). [mutagenic glow]
 80149 | D:$      | Escaped with the Orb!

Action                   |  1- 3 |  4- 6 |  7- 9 | 10-12 | 13-15 | 16-18 | 19-21 | 22-24 || total
-------------------------+-------+-------+-------+-------+-------+-------+-------+-------++-------
Melee: Dagger            |   133 |   266 |    35 |       |       |       |    36 |       ||   470
       Short sword       |       |       |   283 |   733 |  1509 |       |       |       ||  2525
       Quick blade       |       |       |       |       |    87 |  1350 |  1326 |   166 ||  2929
Throw: Dart              |    29 |    12 |     6 |     4 |     3 |       |       |       ||    54
       Dagger            |       |       |       |     1 |       |       |       |       ||     1
 Cast: Corona            |     9 |     4 |       |       |     2 |     2 |     7 |       ||    24
       Ensorcelled Hiber |     9 |    43 |    65 |   365 |   569 |   307 |   328 |    20 ||  1706
       Confuse           |       |     9 |    24 |    73 |   118 |   106 |   199 |    53 ||   582
       Invisibility      |       |       |       |       |    19 |    26 |    19 |    11 ||    75
       Blink             |       |       |       |       |     2 |       |       |     1 ||     3
       Flight            |       |       |       |       |     9 |    56 |    75 |    16 ||   156
       Repel Missiles    |       |       |       |       |     9 |     5 |    20 |       ||    34
       Enslavement       |       |       |       |       |     3 |     7 |    55 |     9 ||    74
       Silence           |       |       |       |       |     1 |     1 |     1 |       ||     3
       Apportation       |       |       |       |       |       |     3 |     2 |     3 ||     8
       Controlled Blink  |       |       |       |       |       |       |    11 |     1 ||    12
       Control Teleport  |       |       |       |       |       |       |    13 |     3 ||    16
       Passwall          |       |       |       |       |       |       |     7 |     1 ||     8
       Darkness          |       |       |       |       |       |       |       |     8 ||     8
       Haste             |       |       |       |       |       |       |       |     5 ||     5
Invok: Scrying           |       |       |       |       |     1 |       |     1 |       ||     2
 Abil: Evoke Invisibilit |       |       |     1 |     2 |       |       |       |       ||     3
       Evoke Teleportati |       |       |       |       |       |       |     3 |     1 ||     4
Evoke: Wand              |       |       |    13 |     7 |     1 |     5 |     2 |       ||    28
  Use: Potion            |       |     1 |     1 |    11 |     3 |     4 |     9 |     9 ||    38
       Scroll            |       |       |    10 |    17 |     9 |    19 |    41 |    13 ||   109
 Stab: Sleeping          |    13 |    35 |    56 |   267 |   548 |   421 |   354 |    59 ||  1753
       Distracted        |       |     1 |     1 |       |     3 |     3 |     4 |     2 ||    14
       Confused          |       |     5 |    14 |    27 |    66 |    48 |   101 |    10 ||   271
       Invisible         |       |       |       |     8 |    61 |    91 |    45 |    18 ||   223
       Betrayed ally     |       |       |       |       |       |       |     3 |       ||     3
       Fleeing           |       |       |       |       |       |       |     1 |     1 ||     2
